 Dungeon Crawl Stone Soup version 0.31.0-11-ge490571c62 (webtiles) character file.

Game seed: 10833079824670448459

6 Ashen the Sneak (level 1, -1/13 HPs)
             Began as a Gnoll Enchanter on Feb 2, 2024.
             Slain by a ball python (2 damage)
             ... on level 1 of the Dungeon.
             The game lasted 00:00:38 (173 turns).

Ashen the Sneak (Gnoll Enchanter)                    Turns: 173, Time: 00:00:39

Health: -1/13      AC:  2    Str:  7    XL:     1   Next: 90%
Magic:  6/6        EV: 10    Int: 14    God:
Gold:   19         SH:  0    Dex: 12    Spells: 9/9 levels left

rFire   . . .        a - +1 dagger
rCold   . . .        (no shield)
rNeg    . . .        b - +0 robe
rPois   .            (no helmet)
rElec   .            (no cloak)
rCorr   .            (no gloves)
SInv    .            (no boots)
Will    .....        (no amulet)
Stlth   +++          (no ring)
HPRegen 0.22/turn    (no ring)
MPRegen 0.10/turn

%: no passive effects
@: constricted
A: fangs 1, strong nose, distributed training
a: no special abilities


You were on level 1 of the Dungeon.
You visited 1 branch of the dungeon, and saw 1 of its levels.

You collected 19 gold pieces.

Inventory:

Hand Weapons
 a - a +1 dagger (weapon)
Armour
 b - a +0 robe (worn)
Potions
 c - 2 potions of invisibility
 d - 2 potions of might {unknown}
 e - a potion of brilliance {unknown}


   Skills:
 + Level 0.2 Fighting
 + Level 2.4 Short Blades
 + Level 0.2 Long Blades
 + Level 0.2 Axes
 + Level 0.2 Maces & Flails
 + Level 0.2 Polearms
 + Level 0.2 Staves
 + Level 0.2 Ranged Weapons
 + Level 0.2 Throwing
 + Level 0.2 Armour
 + Level 4.4 Dodging
 + Level 5.9 Stealth
 + Level 0.2 Shields
 + Level 0.2 Unarmed Combat
 + Level 4.9 Spellcasting
 + Level 0.1 Conjurations
 + Level 5.3 Hexes
 + Level 0.1 Summonings
 + Level 0.1 Necromancy
 + Level 0.1 Translocations
 + Level 0.1 Fire Magic
 + Level 0.1 Ice Magic
 + Level 0.1 Air Magic
 + Level 0.1 Earth Magic
 + Level 0.1 Alchemy
 + Level 0.3 Invocations
 + Level 0.2 Evocations
 + Level 0.2 Shapeshifting


You had 9 spell levels left.
You didn't know any spells.
Your spell library contained the following spells:

 Spells                   Type           Power      Damage    Failure   Level
 Confusing Touch          Hex            18%        N/A       6%          3
 Tukima's Dance           Hex            18%        N/A       6%          3
 Ensorcelled Hibernation  Hex/Ice        22%        N/A       9%          2
 Dazzling Flash           Conj/Hex       22%        N/A       17%         3


Dungeon Overview and Level Annotations

Branches:
Dungeon (1/15)

Altars:


Innate Abilities, Weirdness & Mutations

You have very sharp teeth.
Your uncanny sense of smell can sniff out nearby items.
Your experience applies equally to all skills.


Message History

You start resting.
A goblin is nearby!
A ball python comes into view.
The ball python moves out of view.
You see here a +0 club.
You closely miss the goblin. The goblin hits you but does no damage.
You barely miss the goblin. The goblin hits you with a +0 club.
You barely miss the goblin. The goblin closely misses you.
You miss the goblin. The goblin hits you with a +0 club.
* * * LOW HITPOINT WARNING * * *
You closely miss the goblin.
The ball python hisses angrily.
You hit the goblin.
You kill the goblin!
You hit the ball python.
The ball python is moderately wounded.
The ball python bites you.
* * * LOW HITPOINT WARNING * * *
The ball python grabs you. The ball python constricts you.
You barely miss the ball python.
The ball python is moderately wounded.
The ball python bites you.
* * * LOW HITPOINT WARNING * * *
The ball python constricts you.
* * * LOW HITPOINT WARNING * * *
You hit the ball python.
The ball python is heavily wounded.
The ball python bites you but does no damage.
The ball python constricts you.
* * * LOW HITPOINT WARNING * * *
You hit the ball python but do no damage.
The ball python is moderately wounded.
The ball python barely misses you. The ball python constricts you.
You completely miss the ball python.
The ball python is moderately wounded.
The ball python barely misses you. The ball python constricts you.
You closely miss the ball python. You punch the ball python.
The ball python is severely wounded.
The ball python bites you.
You die...

..|.⌠.....#......#.#
##....⌠..##......#.#
###....##.......#.#
###>##......(...# #
#####..........## .
..............#
#.#.#...........#
#.#.#...........#
.##............S@.#
..."....##.#...##.#
#......S.###.##.#
###.>...#### #..#.#
......).## ##.#.#####
...!.....## #........#
##......).####........#
#.#....#...##........#
.. #.....##############


You could see a ball python.

Vanquished Creatures
  3 goblins (D:1)
  A hobgoblin (D:1)
  A kobold (D:1)
5 creatures vanquished.

Notes
Turn   | Place    | Note
-------+----------+-------------------------------------------
     0 | D:1      | Ashen the Gnoll Enchanter began the quest for the Orb.
     0 | D:1      | Reached XP level 1. HP: 13/13 MP: 6/6
   173 | D:1      | Slain by a ball python

Illustrated notes

Levels and vault maps discovered:
D:1:      dpeg_arrival_leaves_temple_mockup, layout_rooms

Action                     || total
---------------------------++-------
  Melee: Dagger            ||    26
         Bite              ||     4
         Punch             ||     1
   Stab: Sleeping          ||     1
 Armour: Robe              ||    14
  Dodge: Dodged            ||    12
